 Dungeon Crawl Stone Soup version 0.19.5 (webtiles) character file.

32 Aleruyeri the Ducker (level 3, 0/17 HPs)
             Began as a Felid Abyssal Knight on Apr 30, 2017.
             Was a Follower of Lugonu.
             Succumbed to a goblin's poison
             ... on level 1 of the Dungeon.
             The game lasted 00:03:51 (1540 turns).

Aleruyeri the Ducker (Felid Abyssal Knight)         Turns: 1540, Time: 00:03:52

Health: 0/17       AC:  1    Str:  8    XL:     3   Next: 10%
Magic:  5/5        EV: 19    Int: 13    God:    Lugonu [*.....]
Gold:   51         SH:  0    Dex: 16    Spells: 0 memorised, 2 levels left
                                        Lives:  0   Deaths: 0

rFire  . . .     SeeInvis +       - Unarmed
rCold  . . .     Gourm    .     (armour unavailable)
rNeg   . . .     Faith    .     (shield unavailable)
rPois  .         Spirit   .     (helmet unavailable)
rElec  .         Reflect  .     (cloak unavailable)
rCorr  .         Harm     .     (gloves unavailable)
MR     .....                    (boots unavailable)
Stlth  ++........               (no amulet)
                                (no ring)
                                (no ring)

@: lethally poisoned (0 -> -16), quick
A: no armour, no weapons or thrown items, stealth, claws 1, fangs 3, see
invisible, carnivore 3, speed 1, shaggy fur 1, slow metabolism 1, sharp paws
a: Depart the Abyss, Renounce Religion


You were on level 1 of the Dungeon.
You worshipped Lugonu.
Lugonu was aware of your devotion.
You were not hungry.

You visited 1 branch of the dungeon, and saw 1 of its levels.
You visited the Abyss 1 time.

You collected 51 gold pieces.

Inventory:

Scrolls
 c - a scroll of remove curse {unknown}
Potions
 b - 3 potions of lignification
Comestibles
 a - a meat ration


   Skills:
 * Level 3.4 Fighting
 * Level 3.6 Dodging
 * Level 1.5 Stealth
 * Level 2.5 Unarmed Combat
 - Level 1.7 Invocations


You had 2 spell levels left.
You didn't know any spells.

Dungeon Overview and Level Annotations

Branches:
Dungeon (1/15)

Altars:


Innate Abilities, Weirdness & Mutations

You cannot wear armour.
You are incapable of wielding weapons or throwing items.
Your paws allow you to move quietly. (Stealth)
You have sharp claws.
You have razor-sharp teeth.
You have supernaturally acute eyesight. (SInv)
You are carnivorous and can eat meat at any time.
You cover ground quickly.
You are covered in fur. (AC +1)
You have a slow metabolism.
Your sharp claws are effective at attacking unaware monsters.


Message History

The goblin is severely wounded.
You feel sick. The bat completely misses you. The goblin barely misses you.
You barely miss the goblin.
The goblin is severely wounded.
You feel sick. The bat barely misses you.
The goblin hits you with a dagger of venom.
You are more poisoned.
You scratch the goblin.
You kill the goblin!
Lugonu accepts your kill.
You feel sick. The bat closely misses you.
* * * LOW HITPOINT WARNING * * *
You feel sick. The bat hits you.
* * * LOW HITPOINT WARNING * * *
* * * LOW HITPOINT WARNING * * *
You feel sick. The bat misses you.
* * * LOW HITPOINT WARNING * * *
You feel sick. The bat hits you.
* * * LOW HITPOINT WARNING * * *
You die...

.#.# #............ #.#.#.
.#.#########...######.######.#.#.
.#.............+...............+.
.###########...######.######.#.#.
.# ########...######.# #.#.#. +##
#......#...##.....# #.#.## ..#
#.................# #.#.. ..#
#.................# #.... ..#
#...........@.....# #.....
..###......######b....#### #.....
)........###..............
...(.....# #..............
.........# #......).......
.........# #...........##.
.........# #....?......#
.........# #...........##........
.##...#### #...........##(.......


You could see a bat.

Vanquished Creatures
  An ooze (D:1)
  A leopard gecko (D:1)
  A giant cockroach (D:1)
  5 goblins (D:1)
  5 hobgoblins (D:1)
  2 jackals (D:1)
  3 bats (D:1)
  2 frilled lizards (D:1)
  4 kobolds (D:1)
  2 rats (D:1)
26 creatures vanquished.

Notes
Turn   | Place    | Note
-------+----------+-------------------------------------------
     0 | Abyss:1  | Aleruyeri the Felid Abyssal Knight began the quest for the Orb.
     0 | Abyss:1  | Reached XP level 1. HP: 10/10 MP: 3/3
    28 | Abyss:2  | Noticed a starcursed mass
    29 | D:1      | Escaped the Abyss
   710 | D:1      | Reached skill level 1 in Stealth
   710 | D:1      | Reached XP level 2. HP: 14/14 MP: 4/4
  1346 | D:1      | Reached * piety under Lugonu
  1352 | D:1      | Reached XP level 3. HP: 13/17 MP: 5/5
  1540 | D:1      | Succumbed to a goblin's poison

Skill      XL: |  1 |
---------------+----+-----
Stealth        | 1 |  1.5
Fighting       | |  3.4
Dodging        | |  3.6
Unarmed Combat | |  2.5
Invocations    | |  1.7

Action                   || total
-------------------------++-------
Melee: Unarmed           ||    89
       Bite              ||     4
       Punch             ||     3
Invok: Depart the Abyss  ||     1
  Use: Scroll            ||     2
       Potion            ||     1
 Stab: Sleeping          ||     1
Armor: Skin              ||     7
Dodge: Dodged            ||    90
